 Dungeon Crawl Stone Soup version 0.31.0-12-g77e489cdc1 (webtiles) character file.

Game seed: 12072315108255438917

3863 Ijustatesigmund the Geomancer (level 10, -1/60 HPs)
             Began as a Gargoyle Earth Elementalist on Feb 20, 2024.
             Was a Follower of Vehumet.
             Slain by a gnoll sergeant
             ... wielding a +0 glaive
              (6 damage)
             ... in a bailey.
             The game lasted 00:20:32 (10791 turns).

Ijustatesigmund the Geomancer (GrEE)               Turns: 10791, Time: 00:20:32

Health: -1/60      AC: 12    Str: 13    XL:     10   Next: 19%
Magic:  16/19      EV: 11    Int: 19    God:    Vehumet [*.....]
Gold:   1021       SH: 12    Dex: 14    Spells: 17/21 levels left

rFire   + + .        e - +3 flail (holy)
rCold   . . .        u - +2 buckler
rNeg    + . .        a - +0 robe {rF+}
rPois   ∞            (no helmet)
rElec   +            (no cloak)
rCorr   +            A - +0 pair of gloves
SInv    .            E - +1 pair of boots
Will    .....        t - amulet of Riunk {Reflect Regen+ rCorr Dex+4 SH+5}
Stlth   ++           I - ring of wizardry
HPRegen 1.10/turn    j - ring of protection from fire
MPRegen 0.16/turn

%: reflection, wizardry (x1)
@: mighty, weakened, hasted, very quick
A: sickness immunity, AC +7, negative energy resistance 1, electricity
resistance, torment resistance 1, petrification resistance
a: Renounce Religion


You were in a bailey.
You worshipped Vehumet.
Vehumet was aware of your devotion.
You visited 2 branches of the dungeon, and saw 10 of its levels.
You also visited: Bailey.

You collected 1266 gold pieces.
You spent 245 gold pieces at shops.

Inventory:

Hand Weapons
 e - a +3 flail of holy wrath (weapon)
 o - a +5 dire flail of protection
 M - a +3 morningstar
Missiles
 L - a throwing net
Armour
 a - a +0 robe of fire resistance (worn)
 u - a +2 buckler (worn)
 A - a +0 pair of gloves (worn)
 E - a +1 pair of boots (worn)
Magical Staves
 d - a staff of alchemy
 y - the staff "Vonolout" {rPois rC- Will+ Summ Alchemy}
   (You found it on level 5 of the Dungeon)

   [staff of alchemy]

   Base accuracy: +5 Base damage: 5 Base attack delay: 1.2 This weapon's minimum
   attack delay (0.6) is reached at skill level 12.
   rC-:       It makes you vulnerable to cold.
   rPois:     It protects you from poison Will+: It increases your willpower.
   Summ:      It increases the power of your Summonings spells.
   Alchemy:   It increases the power of your Alchemy spells.
   It falls into the 'Staves' category.
   It is a one-handed weapon.
Jewellery
 f - a ring of positive energy
 j - a ring of protection from fire (right hand)
 m - a ring of protection from fire
 t - the amulet of Riunk (around neck) {Reflect Regen+ rCorr Dex+4 SH+5}
   (You found it on level 6 of the Dungeon)

   [amulet of reflection]

   Reflect:   It reflects blocked missile attacks.
   Dex+4:     It affects your dexterity (+4).
   Regen+:    It increases your rate of health regeneration.
   rCorr:     It protects you from acid and corrosion.
   SH+5:      It affects your SH (+5).
 F - an amulet of faith
 I - a ring of wizardry (left hand)
Wands
 w - a wand of flame (33)
 z - a wand of roots (19)
 C - a wand of paralysis (8)
 G - a wand of light (6)
Scrolls
 i - 6 scrolls of teleportation
 p - a scroll of brand weapon
 s - a scroll of poison
 v - 2 scrolls of identify
 D - 2 scrolls of fog
 H - a scroll of noise
 J - 2 scrolls of fear
 K - a scroll of enchant weapon
Potions
 b - a potion of magic
 c - a potion of brilliance
 g - 2 potions of resistance
 h - a potion of haste
 l - 3 potions of attraction
 q - a potion of ambrosia
 r - a potion of mutation
 x - a potion of might


   Skills:
 - Level 5.8 Fighting
 - Level 4.8 Maces & Flails
 - Level 1.5 Dodging
 - Level 2.1 Stealth
 + Level 3.8 Shields
 + Level 6.4 Spellcasting
 + Level 7.4 Conjurations
 + Level 8.8 Earth Magic


You had 17 spell levels left.
You knew the following spells:

 Your Spells              Type           Power      Damage    Failure   Level
a - Sandblast             Erth           78%        2d17      1%          1
b - Stone Arrow           Conj/Erth      74%        3d11      1%          3

Your spell library contained the following spells:

 Spells                   Type           Power      Damage    Failure   Level
 Magic Dart               Conj           100%       1d8       1%          1
 Momentum Strike          Conj/Tloc      40%        3d9       1%          2
 Static Discharge         Conj/Air       40%        3-5/arc   1%          2
 Passwall                 Erth           39%        N/A       1%          3
 Brom's Barrelling Bould  Conj/Erth      37%        2d6       1%          4
 Summon Small Mammal      Summ           24%        N/A       6%          1
 Blink                    Tloc           12%        N/A       9%          2
 Ensorcelled Hibernation  Hex/Ice        12%        N/A       9%          2
 Lesser Beckoning         Tloc           12%        N/A       9%          2
 Leda's Liquefaction      Alch/Erth      11%        N/A       9%          4
 Petrify                  Alch/Erth      23%        N/A       9%          4
 Call Canine Familiar     Summ           6%         N/A       16%         3
 Frozen Ramparts          Ice            12%        1d2       16%         3
 Fugue of the Fallen      Necr           6%         N/A       16%         3
 Gell's Gravitas          Tloc           6%         N/A       16%         3
 Teleport Other           Tloc           6%         N/A       16%         3
 Airstrike                Air            3%         2d(1-17)  45%         4
 Anguish                  Hex/Necr       3%         N/A       45%         4
 Cause Fear               Hex            3%         N/A       45%         4
 Dimensional Bullseye     Hex/Tloc       3%         N/A       45%         4
 Summon Blazeheart Golem  Fire/Summ      6%         N/A       45%         4
 Summon Lightning Spire   Summ/Air       6%         N/A       45%         4
 Metabolic Englaciation   Hex/Ice        3%         N/A       80%         5
 Sculpt Simulacrum        Ice/Alch       3%         N/A       100%        6
 Enfeeble                 Hex            3%         N/A       100%        7


Dungeon Overview and Level Annotations

Branches:
Dungeon (9/15)             Temple (1/1) D:4             Orc (0/2) D:9
 Bailey (1/1)
   Lair: D:8-11

Altars:
Ashenzari
Cheibriados
Dithmenos
Elyvilon
Fedhas
Gozag
Hepliaklqana
Kikubaaqudgha
Makhleb
Nemelex Xobeh
Okawaru
Ru
Sif Muna
Trog
Uskayaw
Vehumet
Wu Jian
Xom
Yredelemnul
Zin
The Shining One

Shops:
D:3 *   D:4 !   D:7 [   D:8 *

Portals:
Abyss: D:6

Annotations:
D:6 2 transporters, 112233's ghost, novice OpSh
D:8 3 runed translucent doors, Ijustatesigmund's ghost, novice GrFi; Killerpretzel's ghost, novice OpSh


Innate Abilities, Weirdness & Mutations

You are immune to sickness and miasma.
Your stone body is resilient. (AC +7)
You are immune to poison.
You resist negative energy. (rN+)
You are resistant to electric shocks. (rElec)
You are resistant to unholy torment.
You are immune to petrification.


Message History

The wolf misses you. You block the wolf's attack.
The gnoll bouda hits you from afar with a +0 halberd.
The gnoll sergeant closely misses you.
The gnoll sergeant hits you but does no damage.
The wolf closely misses you. The wolf barely misses you.
The gnoll sergeant hits you from afar with a +0 halberd.
You are confused.
You feel invigorated. The wolf barely misses you. The wolf bites you!
The wolf bites you but does no damage. x2
The gnoll bouda hits you from afar with a +0 halberd.
The gnoll sergeant hits you from afar with a +0 glaive.
* * * LOW HITPOINT WARNING * * *
The gnoll sergeant hits you from afar with a +0 glaive!
* * * LOW HITPOINT WARNING * * *
You feel much better. The wolf closely misses you.
The wolf bites you but does no damage.
The gnoll sergeant hits you from afar with a +0 halberd.
The wolf bites you but does no damage. The wolf misses you.
The wolf closely misses you. The wolf bites you but does no damage.
You're too confused to move!
The wolf bites you.
The gnoll bouda hits you from afar with a +0 halberd.
The wolf bites you but does no damage.
The gnoll sergeant hits you from afar with a +0 glaive!
* * * LOW HITPOINT WARNING * * *
The gnoll sergeant hits you from afar with a +0 glaive!
* * * LOW HITPOINT WARNING * * *
The wolf closely misses you. The wolf misses you.
The gnoll sergeant closely misses you.
You feel better.
You feel less invigorated. The wolf closely misses you. x3
You block the wolf's attack.
The gnoll bouda gazes fiercely through you!
You feel as though you will be weak longer.
The gnoll bouda hits you from afar with a +0 halberd.
* * * LOW HITPOINT WARNING * * *
The gnoll bouda barks out a call to the hunt!
The gnoll bouda picks up the pace!
The gnoll sergeant hits you from afar with a +0 glaive.
* * * LOW HITPOINT WARNING * * *
The gnoll sergeant hits you from afar with a +0 glaive.
You die... ♣♣♣♣♣♣ ♣≈≈≈≈≈≈ ♣♣≈≈...####### ♣.≈..# #g8@h.# ♣♣.≈..# #ghhh.#

♣♣..≈..# #ggg..'..
♣...≈..# #...#####..
♣...≈..# +..##...##
♣♣...≈..######.....## '
#♣♣♣g......'...#g..$)..#g.
#∩.ggg.....'...'.g.8...'..
#♣♣♣g......'...#g..$...#g.


You could see 3 gnoll sergeants, 4 wolves and 2 gnoll boudas.

Vanquished Creatures
  A wyvern (D:8)
  A steam dragon (D:8)
  Edmund (D:6)
  2 water moccasins (D:7)
  A sky beast (D:7)
  2 orc warriors
  3 ice beasts
  An ogre (D:6)
  4 centaurs
  4 gnoll sergeants
  3 bullfrogs
  4 scorpions
  8 wights
  5 howler monkeys
  A bombardier beetle (D:4)
  2 jellies
  A gnoll bouda (D:8)
  4 orc priests
  3 hounds
  2 iguanas
  10 orc wizards
  A sleepcap (D:8)
  A hound zombie (D:3)
  20 gnolls
  6 adders
  A shadow imp (D:7)
  A white imp (D:5)
  2 dart slugs
  A ribbon worm (D:4)
  35 orcs
  4 ball pythons
  9 endoplasms
  A giant cockroach (D:3)
  10 goblins
  7 hobgoblins
  3 jackals (D:1)
  4 quokkas
  A ball python zombie (D:3)
  4 frilled lizards
  A giant cockroach zombie (D:3)
  7 kobolds
  6 rats
188 creatures vanquished.

Notes
Turn   | Place    | Note
-------+----------+-------------------------------------------
     0 | D:1      | Ijustatesigmund the Gargoyle Earth Elementalist began the
                  | quest for the Orb.
     0 | D:1      | Reached XP level 1. HP: 10/10 MP: 3/3
   277 | D:1      | Reached XP level 2. HP: 11/16 MP: 0/5
   700 | D:1      | Reached skill level 1 in Fighting
   702 | D:1      | Reached skill level 4 in Earth Magic
   857 | D:1      | Reached XP level 3. HP: 20/20 MP: 4/6
  1914 | D:3      | Reached XP level 4. HP: 25/25 MP: 5/7
  1963 | D:3      | Found a sparkling altar of Nemelex Xobeh.
  1989 | D:3      | Got the Volume of Anarchy
  2004 | D:3      | Found a hazy altar of Hepliaklqana.
  2036 | D:3      | Found an ornate altar of the Wu Jian Council.
  2157 | D:3      | Found a basalt altar of Yredelemnul.
  2514 | D:3      | Found Pekuev's General Store.
  2519 | D:3      | Bought a scroll of teleportation for 30 gold pieces
  2519 | D:3      | Bought a scroll of enchant weapon for 75 gold pieces
  2892 | D:3      | Reached XP level 5. HP: 30/30 MP: 6/9
  3020 | D:3      | Learned a level 3 spell: Stone Arrow
  3504 | D:4      | Reached skill level 1 in Maces & Flails
  3619 | D:4      | Reached XP level 6. HP: 25/36 MP: 3/10
  3703 | D:4      | Found a staircase to the Ecumenical Temple.
  3725 | Temple   | Entered the Ecumenical Temple
  3761 | Temple   | Became a worshipper of Vehumet
  3803 | D:4      | Reached skill level 5 in Earth Magic
  3916 | D:4      | Found Plog's Distillery.
  3924 | D:4      | Bought a potion of might for 40 gold pieces
  4095 | D:5      | Entered Level 5 of the Dungeon
  4112 | D:5      | Identified the staff "Vonolout" {rPois rC- Will+ Summ
                  | Alchemy}
  4706 | D:5      | Reached XP level 7. HP: 16/41 MP: 2/12
  6035 | D:6      | Found the +8 demon trident "Rift" {distort, reach+}
  6060 | D:6      | Found a transporter.
  6064 | D:6      | Found a transporter.
  6072 | D:6      | Reached skill level 6 in Earth Magic
  6072 | D:6      | Reached XP level 8. HP: 41/48 MP: 4/14
  6084 | D:6      | Noticed 112233's ghost (novice OpSh)
  6084 | D:6      | Found a one-way gate to the infinite horrors of the Abyss.
  6098 | D:6      | Identified a scroll of acquirement
  6102 | D:6      | Acquired 864 gold pieces
  6262 | D:6      | Noticed Edmund
  6278 | D:6      | Killed Edmund
  6394 | D:6      | Reached skill level 5 in Conjurations
  6740 | D:6      | Identified the amulet of Riunk {Reflect Regen+ rCorr Dex+4
                  | SH+5}
  7105 | D:7      | Reached * piety under Vehumet
  7105 | D:7      | Offered knowledge of Magic Dart by Vehumet.
  7110 | D:7      | Reached skill level 5 in Fighting
  7468 | D:7      | Reached skill level 7 in Earth Magic
  7646 | D:7      | Reached skill level 5 in Spellcasting
  7646 | D:7      | Reached XP level 9. HP: 54/54 MP: 16/16
  7790 | D:7      | Found a sacrificial altar of Ru.
  7915 | D:7      | Found Muott's Armour Emporium.
  8110 | D:7      | Identified the amulet "Neduw" {Regen+ Dex+4}
  8519 | D:8      | Found Biunaos's Assorted Antiques.
  8533 | D:8      | Bought a glowing silver ring for 100 gold pieces
  8557 | D:8      | Found a runed translucent gate.
  8578 | D:8      | Reached skill level 1 in Shields
  8837 | D:8      | Reached skill level 8 in Earth Magic
  8976 | D:8      | Found a runed translucent gate.
  8977 | D:8      | Found a runed translucent gate.
  8990 | D:8      | Noticed Ijustatesigmund's ghost (novice GrFi)
  8990 | D:8      | Noticed Killerpretzel's ghost (novice OpSh)
  9321 | D:8      | Reached XP level 10. HP: 24/60 MP: 16/19
 10250 | D:9      | Found a staircase to the Orcish Mines.
 10286 | D:9      | Found a burning altar of Makhleb.
 10310 | D:9      | Found a flagged portal.
 10319 | Bailey   | Entered a bailey
 10790 | Bailey   | HP: 3/60 [gnoll sergeant/+0 glaive (15)]
 10791 | Bailey   | Slain by a gnoll sergeant

Illustrated notes

Levels and vault maps discovered:
D:1:      psy_arrival_fountain, layout_basic
D:2:      layout_rooms, serial_forest, infiniplex_forest_straight_4,
          infiniplex_forest_lined_corner, infiniplex_forest_clump_small,
          infiniplex_forest_straight_5, infiniplex_forest_lined_1,
          infiniplex_forest_clump_double, infiniplex_forest_clump_medium
D:3:      layout_basic, lemuel_doored_altar, nicolae_yredelemnul_corpse_copse,
          mainiacjoe_overflow_catch_the_wave, serial_shops, shop,
          kennysheep_another_room
D:4:      layout_cave_pools, minmay_temple_entry_junction, serial_shops, shop
D:5:      layout_cave_pools, chequers_jeans, grunt_decor_arrowhead
D:6:      layout_basic, gammafunk_ghost_abyssal_escape, uniq_edmund
D:7:      layout_basic, old_standard_altar, serial_shops, nicolae_shop_stone,
          nrook_campfire, minmay_stone_trees_small,
          amcnicky_mini_corridor_feature, st_stairs_2
D:8:      layout_basic, gammafunk_ghost_cemetery, serial_shops,
          nicolae_shop_statue_plus, kennysheep_generic_room_7
D:9:      layout_gridville, mainiacjoe_overflow_tiny_flanked,
          mainiacjoe_overflow_small_starburst, minmay_orc_entry_temple_small,
          enter_bailey_8
Temple:   bh_familiar_temple
Bailey:   bailey_polearm_gnolls_kennysheep, bailey

Skill      XL: |  1  2  3  4  5  6  7  8  9 |
---------------+----------------------------+-----
Fighting       | 1 2 3 4 5 |  5.8
Earth Magic    | 4 5 6 7 8 |  8.8
Conjurations   | 2 3 4 5 7 |  7.4
Spellcasting   | 3 4 5 6 |  6.4
Maces & Flails | 1 2 4 |  4.8
Shields        | 3 |  3.8
Dodging        | |  1.5
Stealth        | |  2.1

Action                     |  1- 3 |  4- 6 |  7- 9 | 10-12 || total
---------------------------+-------+-------+-------+-------++-------
  Melee: Staff             |    34 |       |       |       ||    34
         Punch             |     1 |       |     1 |       ||     2
         Mace              |    37 |     8 |    29 |       ||    74
         Dire flail        |       |       |   152 |       ||   152
         Flail             |       |       |   152 |    87 ||   239
   Cast: Sandblast         |    42 |    59 |    32 |     4 ||   137
         Stone Arrow       |       |     6 |    20 |    14 ||    40
  Evoke: Wand              |       |       |     3 |     6 ||     9
    Use: Scroll            |       |     7 |    13 |     5 ||    25
         Potion            |       |       |     4 |     8 ||    12
   Stab: Paralysed         |       |       |    10 |       ||    10
         Sleeping          |       |       |     1 |       ||     1
         Invisible         |       |       |       |     1 ||     1
 Armour: Robe              |    55 |    45 |   289 |   110 ||   499
  Dodge: Dodged            |    50 |    29 |   225 |    84 ||   388
  Block: Buckler           |       |       |    82 |    97 ||   179
         Reflection        |       |       |     3 |     1 ||     4
